AoeStats
← jess_du_marais

Arena

509576501Analyzed
1v1 RM · 5d ago on Sep 27, 2026· 82m 53s· 2 players
Game mode
Random Map
Map size
Tiny (2 player)
Population
200
Speed
Normal
Resources
Standard
Victory
Conquest
Starting age
Dark Age
Ending age
Imperial Age
RankedLock teamsTeams togetherTeam positionsShared explorationLock speedFull tech treeHidden civsTurbo modeCheats
Victory
Defeat
🇫🇷 Khmer · France
278
+22
🇹🇷 Teutons · Türkiye
418
-22
Adags
12:35 Feudal Age
14:04 Horse Collar
14:13 Double-Bit Axe
22:36 Castle Age
27:40 Bow Saw
30:00 Heavy Plow
30:19 Pikeman
33:49 Padded Archer Armor
33:40 Fletching
44:17 Elite Skirmisher
46:47 Bodkin Arrow
47:09 Leather Archer Armor
48:03 Arson
70:05 Gold Mining
70:07 Stone Mining
70:35 Forging
70:35 Squires
70:48 Scale Mail Armor
72:21 Iron Casting
80:50 Imperial Age
79:34 Chain Mail Armor
jess_du_marais
10:07 Loom
13:14 Feudal Age
17:11 Castle Age
15:59 Horse Collar
17:24 Wheelbarrow
24:56 Pikeman
30:34 Scale Barding Armor
35:29 Tusk Swords
42:21 Hand Cart
41:53 Town Watch
44:30 Chain Barding Armor
49:11 Imperial Age
46:42 Town Patrol
47:42 Gold Mining
47:43 Stone Mining
47:59 Heavy Plow
48:44 Scale Mail Armor
48:44 Padded Archer Armor
48:35 Fletching
48:55 Forging
52:18 Conscription
52:35 Hoardings
52:36 Conscription
54:44 Elite Ballista Elephant
56:52 Double-Bit Axe
60:24 Plate Barding Armor
60:05 Leather Archer Armor
60:06 Chain Mail Armor
59:46 Bodkin Arrow
60:27 Iron Casting
62:44 Redemption
64:13 Theocracy
65:22 Gold Shaft Mining
65:49 Crop Rotation
66:23 Blast Furnace
65:24 Bracer
69:28 Double Crossbow
71:40 Ballistics
72:22 Chemistry
71:13 Heated Shot
71:45 Siege Engineers
72:13 Ring Archer Armor
72:01 Bow Saw
72:40 Stone Shaft Mining
74:20 Sanctity
74:06 Devotion
74:38 Illumination
74:11 Herbal Medicine
74:29 Fervor
73:54 Sappers
78:14 Faith
Connection lost

Rejoining the realm…

Still unreachable

The connection could not be restored.

Session expired

The server has moved on; the page needs a fresh start.